 Dungeon Crawl Stone Soup version 0.27.1-3-gb3d3a73c9e (webtiles) character file.

Game seed: 10111616913225930372

259806 Doot the Sorcerer (level 19, -3/137 HPs)
             Began as a Purple Draconian Conjurer on Oct 20, 2021.
             Was a High Priest of Sif Muna.
             Killed from afar by a deep elf high priest (21 damage)
             ... with damnation
             ... on level 3 of the Elven Halls on Oct 21, 2021.
             The game lasted 02:30:45 (67814 turns).

Doot the Sorcerer (Purple Draconian Conjurer)      Turns: 67814, Time: 02:30:46

Health: -3/137     AC: 25    Str: 14    XL:     19   Next: 54%
Magic:  54/54      EV: 13    Int: 26    God:    Sif Muna [*****.]
Gold:   3603       SH: 18    Dex:  9    Spells: 10/62 levels left

rFire    . . .     SeeInvis .   X - staff of air
rCold    . . .     Faith    .   H - +6 kite shield of Indomitability {*Slow Will+ Str+3}
rNeg     . . .     Spirit   .   (armour unavailable)
rPois    +         Reflect  .   x - +2 hat
rElec    +         Harm     .   y - +2 cloak {rPois}
rCorr    .         Rampage  .   m - +2 pair of gloves
Will     +++..                  O - +2 pair of boots
Stlth    +++.......             j - amulet of magic regeneration
HPRegen  0.32/turn              q - +4 ring of protection
MPRegen  0.59/turn              J - ring of magical power

@: slowed, very slow
A: breathe power, AC +10, unfitting armour, cold-blooded
}: 1/15 runes: serpentine
a: Breathe Dispelling Energy, Renounce Religion, Channel Magic, Forget Spell,
Divine Exegesis


You were on level 3 of the Elven Halls.
You worshipped Sif Muna.
Sif Muna was extremely pleased with you.
You visited 7 branches of the dungeon, and saw 34 of its levels.
You also visited: Ossuary, Bailey and Ice Cave.

You collected 4708 gold pieces.
You spent 1105 gold pieces at shops.

Inventory:

Hand Weapons
 c - the +4 scimitar of the Establishment {protect, rPois Str+4}
   (You acquired it on level 8 of the Dungeon)

   It grants its wielder temporary protection when it strikes (+7 to AC).
   Str:       It affects your strength (+4).
   rPois:     It protects you from poison.
Missiles
 u - 4 throwing nets
Armour
 m - a +2 pair of gloves (worn)
 x - a +2 hat (worn)
 y - a +2 cloak of poison resistance (worn)
 H - the +6 kite shield of Indomitability (worn) {*Slow Will+ Str+3}
   (You found it on level 14 of the Dungeon)

   Str:       It affects your strength (+3).
   *Slow:     It may slow you when you take damage.
   Will:      It increases your willpower.
 O - a +2 pair of boots (worn)
Magical Staves
 V - a staff of cold
 X - a staff of air (weapon)
Jewellery
 h - an amulet of reflection
 j - an amulet of magic regeneration (around neck)
 q - a +4 ring of protection (left hand)
 B - a ring of wizardry
 C - a ring of resist corrosion
 I - a ring of protection from fire
 J - a ring of magical power (right hand)
 N - a ring of see invisible
 Y - the ring of Wystram {rN+ Will+ Dex+8 Slay-4}
   (You found it on level 5 of the Lair of Beasts)

   [ring of willpower]

   Dex:       It affects your dexterity (+8).
   Slay:      It affects your accuracy & damage with ranged weapons and melee
   (-4).
   rN:        It protects you from negative energy.
   Will:      It increases your willpower.
Wands
 d - a wand of mindburst (6)
 n - a wand of acid (27)
 r - a wand of digging (13)
 M - a wand of iceblast (39)
 P - a wand of paralysis (38)
Scrolls
 a - 4 scrolls of immolation
 f - a scroll of holy word
 g - 7 scrolls of blinking
 i - 2 scrolls of magic mapping
 o - 6 scrolls of amnesia
 t - 15 scrolls of teleportation
 v - 9 scrolls of fog
 w - 8 scrolls of enchant weapon
 z - a scroll of fear
 A - 2 scrolls of torment
 D - 4 scrolls of noise
 Q - 3 scrolls of vulnerability
 R - 4 scrolls of summoning
Potions
 b - 8 potions of brilliance
 e - 2 potions of ambrosia
 k - 11 potions of curing
 l - 11 potions of haste
 p - 2 potions of invisibility
 s - 8 potions of heal wounds
 E - 9 potions of lignification
 F - 4 potions of attraction
 G - 3 potions of magic
 K - 3 potions of flight
 S - a potion of resistance
 T - 4 potions of cancellation
 U - 3 potions of might
 W - a potion of experience
Miscellaneous
 L - a lightning rod (4/4)
 Z - a phantom mirror


   Skills:
 + Level 4.7 Fighting
 + Level 3.1(3.3) Short Blades
 + Level 1.5(2.5) Long Blades
 + Level 3.3(3.4) Maces & Flails
 + Level 1.0(2.3) Staves
 + Level 5.9 Dodging
 + Level 5.1 Stealth
 * Level 12.6 Shields
 + Level 22.0 Spellcasting
 * Level 11.6 Conjurations
 + Level 0.1 Hexes
 + Level 4.6 Necromancy
 - Level 4.0 Translocations
 * Level 11.2 Fire Magic
 - Level 2.2 Ice Magic
 - Level 15.1 Air Magic
 - Level 6.5 Earth Magic
 + Level 4.4 Invocations
 + Level 2.1 Evocations


You had 10 spell levels left.
You knew the following spells:

 Your Spells              Type           Power      Damage    Failure   Level
a - Magic Dart            Conj           100%       1d8       0%          1
b - Searing Ray           Conj           100%       3d7       1%          2
c - Iskenderun's Mystic   Conj/Tloc      62%        2d13      1%          4
d - Static Discharge      Conj/Air       99%        N/A       0%          2
e - Ozocubu's Armour      Ice            40%        N/A       2%          3
f - Dispel Undead         Necr           52%        3d19      2%          4
g - Airstrike             Air            52%        N/A       1%          4
h - Sticky Flame          Conj/Fire      73%        2d9       1%          4
i - Fulminant Prism       Conj/Hex       28%        3d14      1%          4
j - Freezing Cloud        Conj/Ice/Air   43%        6-21      1%          5
k - Conjure Ball Lightni  Conj/Air       49%        3x3d17    1%          6
l - Foxfire               Conj/Fire      100%       2x1d9     0%          1
m - Bolt of Magma         Conj/Fire/Erth 34%        4d15      1%          5
n - Orb of Destruction    Conj           36%        9d13      13%         7

Your spell library contained the following spells:

 Spells                   Type           Power      Damage    Failure   Level
 Shock                    Conj/Air       100%       1d9       0%          1
 Swiftness                Air            100%       N/A       0%          3
 Animate Skeleton         Necr           100%       N/A       1%          1
 Apportation              Tloc           98%        N/A       1%          1
 Corona                   Hex            32%        N/A       1%          1
 Freeze                   Ice            100%       1d11      1%          1
 Pain                     Necr           100%       1d9       1%          1
 Sting                    Tmut/Pois      100%       1d8       1%          1
 Summon Small Mammal      Summ           100%       N/A       1%          1
 Blink                    Tloc           N/A        N/A       1%          2
 Ensorcelled Hibernation  Hex/Ice        68%        N/A       1%          2
 Passwall                 Tmut/Erth      37%        N/A       1%          2
 Poisonous Vapours        Pois/Air       100%       N/A       1%          2
 Sublimation of Blood     Necr           26%        N/A       1%          2
 Conjure Flame            Conj/Fire      73%        6-21      1%          3
 Dazzling Flash           Conj/Hex       100%       N/A       1%          3
 Ignite Poison            Fire/Tmut/Pois 48%        N/A       1%          3
 Inner Flame              Hex/Fire       55%        N/A       1%          3
 Mephitic Cloud           Conj/Pois/Air  85%        N/A       1%          3
 Stone Arrow              Conj/Erth      100%       3d13      1%          3
 Teleport Other           Tloc           49%        N/A       1%          3
 Vampiric Draining        Necr           26%        2d9       1%          3
 Hailstorm                Conj/Ice       59%        3d13      1%          4
 Summon Lightning Spire   Summ/Air       80%        N/A       1%          4
 Fireball                 Conj/Fire      36%        3d15      1%          5
 Iskenderun's Battlesphe  Conj           73%        2d12      1%          5
 Lightning Bolt           Conj/Air       49%        1d70      1%          5
 Wereblood                Tmut           28%        N/A       2%          2
 Frozen Ramparts          Ice            80%        1d10      2%          3
 Starburst                Conj/Fire      36%        6d11      2%          6
 Passage of Golubria      Tloc           N/A        N/A       3%          4
 Tukima's Dance           Hex            29%        N/A       4%          3
 Call Canine Familiar     Summ           28%        N/A       5%          3
 Spider Form              Tmut/Pois      14%        N/A       5%          3
 Iron Shot                Conj/Erth      33%        9d7       6%          6
 Agony                    Necr           52%        N/A       7%          5
 Excruciating Wounds      Necr           26%        N/A       7%          5
 Manifold Assault         Tloc           49%        N/A       10%         5
 Summon Ice Beast         Ice/Summ       34%        N/A       11%         4
 Cause Fear               Hex            14%        N/A       16%         4
 Olgreb's Toxic Radiance  Pois           28%        N/A       17%         4
 Summon Forest            Summ/Tloc      19%        N/A       22%         5
 Metabolic Englaciation   Hex/Ice        17%        N/A       30%         5
 Yara's Violent Unravell  Hex/Tmut       14%        3d7       43%         5
 Storm Form               Tmut/Air       40%        N/A       54%         7
 Ignition                 Fire           36%        3d11      75%         8
 Spellforged Servitor     Conj/Summ      28%        N/A       80%         7
 Invisibility             Hex            14%        N/A       94%         6
 Eringya's Noxious Bog    Tmut/Pois      14%        N/A       95%         6
 Lehudib's Crystal Spear  Conj/Erth      33%        10d8      95%         8
 Haunt                    Necr/Summ      20%        N/A       99%         7
 Ozocubu's Refrigeration  Ice            20%        4d9       99%         7
 Dragon Form              Tmut           14%        N/A       100%        7
 Monstrous Menagerie      Summ           14%        N/A       100%        7
 Summon Hydra             Summ           14%        N/A       100%        7
 Discord                  Hex            14%        N/A       100%        8
 Disjunction              Tloc           24%        N/A       100%        8
 Summon Horrible Things   Summ           14%        N/A       100%        8
 Chain Lightning          Conj/Air       49%        3d66      100%        9
 Dragon's Call            Summ           14%        N/A       100%        9
 Fire Storm               Conj/Fire      36%        8d9       100%        9
 Animate Armour           Summ/Erth      Unusable   N/A       N/A         4

Dungeon Overview and Level Annotations

Branches:
Dungeon (15/15)            Temple (1/1) D:7            Lair (6/6) D:10
 Shoals (3/4) Lair:3        Snake (4/4) Lair:2        Slime (0/5) Lair:5
    Orc (2/2) D:11            Elf (3/3) Orc:2        Vaults (0/5) D:14
 Depths (0/5) D:15        Ossuary (visited)          Bailey (visited)
  IceCv (visited)

Altars:
Ashenzari
Cheibriados
Dithmenos
Elyvilon
Fedhas
Gozag
Hepliaklqana
Kikubaaqudgha
Makhleb
Nemelex Xobeh
Okawaru
Qazlal
Ru
Sif Muna
Trog
Uskayaw
Vehumet
Wu Jian
Xom
Yredelemnul
Zin
The Shining One
Beogh
Jiyva

Shops:
D:7 ?   D:8 =   Orc:2 :[([   Elf:1 ?   Elf:2 =   Shoals:2 *   Snake:2 *
Snake:4 (

Annotations:
D:9 exclusion: downstairs
Shoals:1 Roxanne
Shoals:3 Ilsuiw; Polyphemus
Snake:2 3 runed translucent doors, exclusion: obsidian statue, Nempouxe's ghost, adept FoFi
Elf:1 4 runed translucent doors, kalagan's ghost, journeyman DECj


Innate Abilities, Weirdness & Mutations

You can breathe bolts of dispelling energy.
Your rich purple scales are hard. (AC +10)
You cannot fit into any form of body armour.
You are cold-blooded and may be slowed by cold attacks.


Message History

The air twists around and strikes the deep elf elementalist!
You kill the deep elf elementalist!
Sif Muna accepts your kill.
The earth elemental disappears in a puff of smoke!
You are engulfed in freezing vapours.
You feel as though you will be slow longer.
The deep elf high priest unwields a +0 long sword.
The deep elf high priest wields a +0 shortbow.
The deep elf high priest shoots an arrow.
The arrow hits you but does no damage.
Casting: Airstrike (safe; 1% risk of failure)
Confirm with . or Enter, or press ? or * to list all spells.
Aiming: Airstrike (safe; 1% risk of failure)
Press: ? - help, Dir - move target, f - deep elf high priest
Aim: a deep elf high priest, wielding a +0 shortbow, wearing a +0 chain mail and quivering arrows (lightly wounded)
You feel a surge of power!
The air twists around and strikes the deep elf high priest!
The deep elf high priest is heavily wounded.
You are engulfed in freezing vapours.
* * * LOW HITPOINT WARNING * * *
The deep elf high priest calls down the wrath of its god upon you.
Something smites you!
* * * LOW HITPOINT WARNING * * *
The deep elf high priest shoots an arrow.
You block the arrow.
Unknown command.
Blink to where?
Press: ? - help, Dir - move target, p - deep elf high priest
As you read the scroll of blinking, it crumbles to dust.
Unknown command.
You close the door.
There is an open door here.
You close the door.
A deep elf high priest opens the door.
The deep elf high priest shoots an arrow.
The arrow hits you.
* * * LOW HITPOINT WARNING * * *
The deep elf high priest invokes the aid of its god against you.
The sphere of damnation explodes!
The damnation engulfs you!!
You die...

#.# #.# #.# ##^# #.# #..# #)#
###.## ####+#### ###...#
#.......# ###.....###
#.......# #.........#
##....e###########.........###
#.....'.....@...'.........'..
##...############.........###
#...# #......)..# ##.##
###.....'## #.# ###.###.###
### ### ##'.. ####### ###...
#.....# #....)
#..8..##########....#


You could see a deep elf high priest.

Vanquished Creatures
  Vashnia (Snake:3)
  Nikola (Shoals:1)
  Jorgrun (Shoals:2)
  Asterion (Snake:1)
  14 nagarajas
  An orc warlord (Orc:2)
  A fire giant (D:15)
  5 deep elf sorcerers
  Aizul (Shoals:2)
  The ghost of Yjeari the Unseen, a journeyman GrMo of Gozag (Lair:3)
  2 deep elf elementalists (Elf:3)
  2 very ugly things (IceCv)
  Nessos (Lair:4)
  4 deep elf demonologists
  4 deep elf annihilators (Elf:3)
  The ghost of Ribudoz the Blocker, a journeyman GnFi of Okawaru (Lair:5)
  A dire elephant (Lair:6)
  4 deep elf death magi (Elf:3)
  An ettin (Orc:2)
  A deep elf high priest (Elf:3)
  Fannar (Lair:2)
  15 naga warriors
  Erolcha (D:10)
  Harold (D:9)
  A vault guard (D:14)
  15 hydras
  2 salamander tyrants (Snake:4)
  6 centaur warriors
  2 catoblepae
  4 boulder beetles
  A merfolk aquamancer (Lair:3)
  2 ogre magi (Orc:2)
  An alligator snapping turtle (Shoals:2)
  9 anacondas
  24 dancing weapons
  A deep troll shaman (Lair:6)
  5 death yaks
  A tengu warrior (D:15)
  11 two-headed ogres
  7 shock serpents
  17 naga sharpshooters
  15 deep elf knights
  Sonja (Lair:4)
  3 salamander mystics (Snake:4)
  4 sea snakes
  3 naga ritualists
  2 deep trolls
  4 harpies
  2 orange crystal statues
  6 deep elf archers
  2 wizards
  6 orc knights
  Pikel (D:2)
  19 deep elf zephyrmancers
  27 deep elf pyromancers
  5 lindwurms
  A necromancer (D:15)
  13 mana vipers
  A wolf spider (D:15)
  4 orc sorcerers
  6 ugly things
  3 oklob plants
  8 manticores
  6 fauns (Shoals:1)
  12 cyclopes
  A moth of wrath (Lair:5)
  16 salamanders
  6 guardian serpents
  29 black mambas
  9 elephants
  A guardian serpent (shapeshifter) (D:15)
  17 naga magi
  Maurice (Orc:1)
  A centaur skeleton (D:15)
  3 water nymphs
  2 merfolk sirens
  2 ice statues (D:15)
  19 cane toads
  A torpor snail (Lair:4)
  2 kobold demonologists (D:11)
  5 rime drakes
  An efreet (D:15)
  15 komodo dragons
  2 freezing wraiths (IceCv)
  An anaconda simulacrum (IceCv)
  13 merfolk
  14 trolls
  A hornet (D:7)
  6 meliai
  3 polar bears
  Prince Ribbit (D:5)
  A wind drake (Shoals:2)
  2 jumping spiders (shapeshifter)
  Grinder (D:5)
  27 blink frogs
  9 snapping turtles
  7 slime creatures
  A centaur simulacrum (D:15)
  6 dream sheep
  5 vampires
  A shadow (D:13)
  53 yaks
  7 wyverns
  3 wraiths
  10 water elementals
  A tarantella (shapeshifter) (Elf:3)
  10 basilisks
  Eustachio (D:5)
  5 vampire mosquitoes
  A harpy simulacrum (IceCv)
  A warg (D:13)
  41 nagas
  12 water moccasins
  Duvessa (D:4)
  3 acid dragons
  A hydra simulacrum (IceCv)
  2 black bears
  3 sky beasts
  A swamp drake (D:11)
  28 orc warriors
  A necrophage (D:4)
  An ettin simulacrum (IceCv)
  2 alligator simulacra (IceCv)
  19 centaurs
  19 wolves
  28 ogres
  2 lemures (D:2)
  Blork the orc (D:4)
  7 kobold brigands
  An earth elemental (Elf:2)
  12 bullfrogs
  An elf zombie (Ossuary)
  2 scorpions
  Dowan (D:4)
  A water moccasin zombie (D:5)
  A lindwurm simulacrum (IceCv)
  20 killer bees
  12 wights
  4 howler monkeys
  4 electric eels
  10 centaur zombies
  4 hounds
  3 jellies
  A human zombie (Ossuary)
  11 orc priests
  Crazy Yiuf (D:4)
  Terence (D:3)
  6 iguanas
  22 orc wizards
  6 hell rats (Lair:4)
  2 hound skeletons
  2 mummies (Ossuary)
  Robin (D:2)
  6 adders
  A white imp (D:8)
  An ufetubus (D:5)
  An adder zombie (Ossuary)
  An adder skeleton (D:4)
  6 dart slugs
  112 orcs
  8 endoplasms
  3 giant cockroaches
  13 goblins
  13 hobgoblins
  2 jackals (D:1)
  15 kobolds
  4 quokkas
  9 ball pythons
  11 bats
  3 frilled lizards (D:1)
  2 goblin zombies (Ossuary)
  13 hobgoblin zombies (Ossuary)
  A jackal zombie (Ossuary)
  7 kobold zombies (Ossuary)
  8 orc zombies (Ossuary)
  8 rats
  2 rat zombies (Ossuary)
  A fulminant prism (Elf:2)
  A plant (Shoals:2)
1206 creatures vanquished.

Vanquished Creatures (collateral kills)
  An alligator simulacrum (IceCv)
  3 ball lightnings
4 creatures vanquished.

Vanquished Creatures (others)
  An orc (Orc:2)
  271 ball lightnings
  A bush (Lair:6)
  12 fulminant prisms
  55 fungi
  152 plants
492 creatures vanquished.

Grand Total: 1702 creatures vanquished

Notes
Turn   | Place    | Note
-------+----------+-------------------------------------------
     0 | D:1      | Doot the Draconian Conjurer began the quest for the Orb.
     0 | D:1      | Reached XP level 1. HP: 14/14 MP: 3/3
   440 | D:1      | Reached XP level 2. HP: 20/20 MP: 3/5
   443 | D:1      | Learned a level 2 spell: Static Discharge
   816 | D:1      | Found a faded altar of an unknown god.
  1196 | D:2      | Reached XP level 3. HP: 26/26 MP: 4/6
  1347 | D:2      | Noticed Robin
  1515 | D:2      | Reached skill level 5 in Conjurations
  1515 | D:2      | Reached skill level 1 in Air Magic
  1515 | D:2      | Reached XP level 4. HP: 17/33 MP: 1/7
  1905 | D:2      | Found a shimmering altar of Xom.
  2210 | D:3      | Noticed Terence
  2239 | D:4      | Noticed Pikel
  2239 | D:4      | Noticed a lemure
  2239 | D:4      | Noticed a lemure
  2239 | D:4      | Noticed a lemure
  2239 | D:4      | Noticed a lemure
  2515 | D:4      | Learned a level 4 spell: Iskenderun's Mystic Blast
  2742 | D:4      | Reached skill level 1 in Fighting
  2790 | D:4      | Reached XP level 5. HP: 27/40 MP: 0/9
  2903 | D:4      | Noticed an ogre
  2934 | D:5      | Entered Level 5 of the Dungeon
  3012 | D:5      | Reached skill level 1 in Translocations
  3056 | D:5      | Noticed Prince Ribbit
  3385 | D:5      | Noticed Grinder
  3584 | D:5      | Reached skill level 3 in Spellcasting
  3792 | D:5      | Noticed an ogre
  3808 | D:5      | Learned a level 2 spell: Searing Ray
  3872 | D:5      | Reached XP level 6. HP: 48/48 MP: 6/10
  3964 | D:5      | Noticed Eustachio
  4043 | D:5      | Reached skill level 1 in Maces & Flails
  4153 | D:6      | Noticed a sky beast
  4178 | D:6      | Killed a sky beast
  4355 | D:6      | Noticed a sky beast
  4362 | D:6      | Killed a sky beast
  4363 | D:6      | Your scales start taking on a rich purple colour.
  4363 | D:6      | Reached skill level 4 in Spellcasting
  4363 | D:6      | Reached XP level 7. HP: 55/55 MP: 5/13
  4933 | D:6      | Learned a level 3 spell: Ozocubu's Armour
  4995 | D:6      | Reached skill level 5 in Spellcasting
  5212 | D:6      | Reached XP level 8. HP: 62/62 MP: 6/15
  6075 | D:4      | Noticed Blork the orc
  6091 | D:4      | Killed Blork the orc
  6288 | D:4      | Learned a level 4 spell: Dispel Undead
  6313 | D:2      | Killed Robin
  6521 | D:2      | Killed Pikel
  6522 | D:2      | Reached skill level 1 in Short Blades
  6522 | D:2      | Reached skill level 6 in Spellcasting
  6522 | D:2      | Reached skill level 1 in Necromancy
  6522 | D:2      | Reached XP level 9. HP: 38/70 MP: 6/18
  6604 | D:3      | Killed Terence
  6811 | D:4      | Noticed Duvessa
  6825 | D:4      | Killed Duvessa
  6826 | D:4      | Noticed Dowan
  7215 | D:5      | Killed Prince Ribbit
  7545 | D:5      | Killed Eustachio
  7740 | D:5      | Killed Grinder
  8118 | D:7      | Reached skill level 7 in Spellcasting
  8261 | D:7      | Paralysed by a hornet for 3 turns
  8775 | D:7      | Found Febbo's Magic Scroll Emporium.
  8780 | D:7      | Bought a scroll of identify for 24 gold pieces
  8780 | D:7      | Bought a scroll of identify for 24 gold pieces
  8780 | D:7      | Bought a scroll of identify for 24 gold pieces
  8780 | D:7      | Bought a scroll of fog for 24 gold pieces
  8780 | D:7      | Bought a scroll of enchant armour for 90 gold pieces
  8781 | D:7      | Identified a scroll of acquirement
  8887 | D:7      | Found a staircase to the Ecumenical Temple.
  9428 | D:4      | Found a runed translucent door.
  9429 | D:4      | Noticed Crazy Yiuf
  9435 | D:4      | Killed Crazy Yiuf
  9583 | Temple   | Entered the Ecumenical Temple
  9843 | Temple   | Became a worshipper of Sif Muna the Loreminder
 10856 | D:3      | Learned a level 4 spell: Airstrike
 11020 | D:4      | Killed Dowan
 11021 | D:4      | Reached XP level 10. HP: 73/79 MP: 14/21
 11028 | D:4      | Learned a level 4 spell: Sticky Flame
 11142 | D:8      | Found Seviorah's Jewellery Shoppe.
 11258 | D:8      | Reached * piety under Sif Muna
 11380 | D:8      | Found a sand-covered staircase.
 11396 | Ossuary  | Entered an ossuary
 11685 | Ossuary  | Reached ** piety under Sif Muna
 12143 | D:8      | Reached skill level 8 in Spellcasting
 12149 | D:8      | Reached skill level 5 in Air Magic
 12442 | D:8      | Acquired the +4 scimitar of the Establishment {protect,
                  | rPois Str+4}
 12943 | D:9      | Noticed Harold
 12960 | D:10     | Entered Level 10 of the Dungeon
 13072 | D:10     | Noticed Erolcha
 13149 | D:9      | Reached skill level 9 in Spellcasting
 13478 | D:9      | Reached skill level 1 in Invocations
 13565 | D:9      | Found a radiant altar of Vehumet.
 13565 | D:9      | Found a sacrificial altar of Ru.
 13566 | D:9      | Found a radiant altar of Vehumet.
 13566 | D:9      | Found a blossoming altar of Fedhas.
 13772 | D:9      | Noticed a five-headed hydra
 13829 | D:9      | Killed a five-headed hydra
 13830 | D:9      | Reached XP level 11. HP: 85/85 MP: 11/24
 14580 | D:9      | Reached *** piety under Sif Muna
 14606 | D:9      | Reached skill level 10 in Spellcasting
 14948 | D:9      | Reached skill level 1 in Evocations
 15945 | D:10     | Found a staircase to the Lair.
 15945 | D:10     | Noticed an oklob plant
 16078 | D:10     | Killed an oklob plant
 16781 | D:10     | Killed Erolcha
 16782 | D:10     | Reached skill level 1 in Shields
 16782 | D:10     | Reached skill level 11 in Spellcasting
 17239 | D:10     | Found a runed translucent door.
 17654 | Lair:1   | Entered Level 1 of the Lair of Beasts
 17819 | Lair:1   | Identified the +9 whip "Joeh" {drain, Drain Will+++ Str-2
                  | SInv}
 18865 | Lair:2   | Noticed Fannar
 18894 | Lair:2   | Killed Fannar
 19027 | Lair:2   | Found a bloodstained altar of Trog.
 19439 | Lair:2   | Reached XP level 12. HP: 92/92 MP: 0/27
 19439 | Lair:2   | Noticed a six-headed hydra
 19690 | Lair:2   | Noticed a catoblepas
 20098 | Lair:2   | Killed a six-headed hydra
 20099 | Lair:2   | Reached skill level 12 in Spellcasting
 20268 | Lair:2   | Reached **** piety under Sif Muna
 21087 | Lair:2   | Found a staircase to the Snake Pit.
 21155 | Lair:2   | Reached skill level 1 in Long Blades
 22257 | Lair:3   | Noticed a boulder beetle
 22261 | Lair:3   | Noticed Yjeari's ghost (journeyman GrMo)
 22475 | Lair:3   | Found a runed translucent door.
 22567 | Lair:3   | Reached skill level 5 in Dodging
 22567 | Lair:3   | Reached skill level 13 in Spellcasting
 23017 | Lair:3   | Identified the +9 plate armour of Baang {Contam rPois
                  | Will+}
 23542 | Lair:3   | Killed a boulder beetle
 23543 | Lair:3   | Reached skill level 10 in Air Magic
 24019 | Lair:3   | Reached skill level 5 in Shields
 24462 | Lair:3   | Found a staircase to the Shoals.
 24729 | Lair:3   | Reached XP level 13. HP: 99/99 MP: 21/30
 25114 | Lair:4   | Noticed Nessos
 25557 | Lair:4   | Noticed Sonja
 25560 | Lair:4   | Killed Sonja
 26455 | Lair:4   | Learned a level 4 spell: Fulminant Prism
 26916 | Lair:5   | Reached skill level 14 in Spellcasting
 27500 | Lair:5   | Noticed Ribudoz's ghost (journeyman GnFi)
 27621 | Lair:5   | Found a transporter.
 27643 | Lair:5   | Reached ***** piety under Sif Muna
 27767 | Lair:5   | Found a transporter.
 28046 | Lair:5   | Received a gift from Sif Muna
 28047 | Lair:5   | Got Sif Muna's Almanac of Snow and Conjuration {god gift}
 28054 | Lair:5   | Learned a level 5 spell: Freezing Cloud
 28207 | D:9      | Learned a level 6 spell: Conjure Ball Lightning
 28561 | D:11     | Found a staircase to the Orcish Mines.
 28861 | D:11     | Found a snail-covered altar of Cheibriados.
 30127 | Orc:1    | Entered Level 1 of the Orcish Mines
 30333 | Orc:1    | Noticed Maurice
 30339 | Orc:1    | Killed Maurice
 30384 | Orc:1    | Found a dark tunnel.
 30648 | Orc:2    | Entered Level 2 of the Orcish Mines
 30650 | Orc:2    | Found a staircase to the Elven Halls.
 31040 | Orc:2    | Received a gift from Sif Muna
 31041 | Orc:2    | Got Sif Muna's Almanac of Cold and Fire {god gift}
 31048 | Orc:1    | Learned a level 1 spell: Foxfire
 31138 | Orc:2    | Reached skill level 1 in Fire Magic
 31138 | Orc:2    | Reached XP level 14. HP: 105/105 MP: 2/32
 31668 | Orc:2    | Reached skill level 15 in Spellcasting
 32643 | Orc:2    | Noticed an orc warlord
 33156 | Orc:2    | Killed an orc warlord
 33656 | Orc:2    | Found Xukhla Hoguo's Armour Shoppe.
 33659 | Orc:2    | Found Jaowynnugh's Antique Armour Shop.
 33668 | Orc:2    | Found Xeirhatz's Book Emporium.
 33669 | Orc:2    | Found Puatauxust's Antique Weapon Shoppe.
 34217 | D:12     | Found a flagged portal.
 34318 | Bailey   | Entered a bailey
 34784 | Bailey   | Received a gift from Sif Muna
 35166 | D:12     | Reached skill level 1 in Ice Magic
 37380 | D:14     | Reached skill level 16 in Spellcasting
 37386 | D:14     | Learned a level 5 spell: Bolt of Magma
 37540 | D:14     | Reached XP level 15. HP: 101/111 MP: 18/35
 37622 | D:14     | Found a glowing silver altar of Zin.
 37840 | D:14     | Identified the +6 kite shield of Indomitability {*Slow
                  | Will+ Str+3}
 38054 | D:14     | Reached skill level 1 in Earth Magic
 38773 | D:14     | Found a gate to the Vaults.
 39060 | D:15     | Entered Level 15 of the Dungeon
 39069 | D:15     | Received a gift from Sif Muna
 39097 | D:14     | Reached skill level 5 in Fire Magic
 39341 | D:15     | Noticed a fire giant
 39352 | D:15     | Killed a fire giant
 39472 | D:15     | Found a frozen archway.
 39491 | IceCv    | Entered an ice cave
 39614 | IceCv    | Found a transporter.
 39633 | IceCv    | Found a transporter.
 39689 | IceCv    | Identified the +8 chain mail of a treasure trove {rPois rC-
                  | Regen+ Stlth+}
 39691 | IceCv    | Got Tizxoot's Grimoire of the Glacier
 39962 | D:15     | Found a staircase to the Depths.
 41216 | Orc:2    | Bought a +2 cloak of poison resistance for 259 gold pieces
 41394 | Lair:6   | Entered Level 6 of the Lair of Beasts
 42332 | Lair:5   | Found a runed translucent door.
 42332 | Lair:5   | Found a viscous altar of Jiyva.
 42332 | Lair:5   | Found a staircase to the Slime Pits.
 42593 | Lair:4   | Killed Nessos
 44618 | Lair:6   | Reached XP level 16. HP: 118/118 MP: 27/36
 44710 | Lair:6   | Received a gift from Sif Muna
 44894 | Lair:6   | Reached skill level 1 in Staves
 44894 | Lair:6   | Reached skill level 5 in Stealth
 45023 | Lair:6   | Identified the +8 ring mail of Sasug {Fly rN++ Str+2
                  | Stlth-}
 45258 | Lair:6   | Got Sif Muna's Handbook of the Toxic Oath {god gift}
 45360 | Lair:6   | Reached skill level 17 in Spellcasting
 46030 | Lair:6   | Reached skill level 5 in Earth Magic
 46404 | Snake:1  | Entered Level 1 of the Snake Pit
 46667 | Shoals:1 | Entered Level 1 of the Shoals
 46817 | Shoals:1 | Reached skill level 10 in Shields
 47988 | Shoals:1 | Noticed Nikola
 48855 | Shoals:2 | Found Pauf's General Store.
 49039 | Elf:1    | Entered Level 1 of the Elven Halls
 49039 | Elf:1    | Found a runed translucent gate.
 49039 | Elf:1    | Found a runed translucent gate.
 49039 | Elf:1    | Found a runed translucent gate.
 49039 | Elf:1    | Found a runed translucent gate.
 49039 | Elf:1    | Found a runed translucent gate.
 49039 | Elf:1    | Found a runed translucent gate.
 49044 | Elf:1    | Found a runed translucent door.
 49159 | Elf:1    | Found a runed translucent door.
 49651 | Elf:1    | Noticed an Executioner
 50011 | Elf:1    | Found a runed translucent gate.
 50011 | Elf:1    | Found a runed translucent gate.
 50011 | Elf:1    | Found a runed translucent gate.
 50016 | Elf:1    | Noticed a titan
 50019 | Elf:1    | Noticed kalagan's ghost (journeyman DECj)
 50020 | Elf:1    | Found an iron altar of Okawaru.
 50567 | Elf:1    | Reached skill level 15 in Air Magic
 51063 | Elf:1    | Found Weschaos's Magic Scroll Shoppe.
 51069 | Elf:1    | Bought a scroll of teleportation for 30 gold pieces
 51069 | Elf:1    | Bought a scroll of fog for 20 gold pieces
 51069 | Elf:1    | Bought a scroll of fog for 20 gold pieces
 51069 | Elf:1    | Bought a scroll of teleportation for 30 gold pieces
 51468 | Elf:2    | Reached XP level 17. HP: 68/124 MP: 14/38
 51674 | Elf:2    | Received a gift from Sif Muna
 51675 | Elf:2    | Got Sif Muna's Tome of Dislocated Unholy Rituals {god gift}
 52033 | Elf:2    | Reached skill level 18 in Spellcasting
 52114 | Elf:2    | Found a runed translucent door.
 52171 | Elf:2    | Found a runed translucent door.
 52368 | Elf:2    | Found Dicepnumm's Jewellery Shop.
 54030 | Elf:3    | Entered Level 3 of the Elven Halls
 54417 | Elf:3    | Found a shimmering blue altar of Sif Muna.
 55020 | Shoals:1 | Killed Nikola
 55021 | Shoals:1 | Reached skill level 19 in Spellcasting
 55021 | Shoals:1 | Reached skill level 10 in Conjurations
 55427 | Shoals:1 | Noticed Roxanne
 56726 | Shoals:2 | Noticed Aizul
 56733 | Shoals:2 | Killed Aizul
 57040 | Shoals:2 | Noticed Jorgrun
 57046 | Shoals:2 | Killed Jorgrun
 57603 | Orc:2    | Bought a book of Annihilations for 560 gold pieces
 57808 | Shoals:3 | Noticed Polyphemus
 58053 | Shoals:3 | Acquired 1193 gold pieces
 58175 | Shoals:3 | Noticed Ilsuiw
 58699 | Lair:2   | Received a gift from Sif Muna
 58704 | Lair:2   | Got Sif Muna's Disquisition on Conjuration and the
                  | Entourage {god gift}
 58713 | Lair:2   | Learned a level 7 spell: Orb of Destruction
 59138 | Snake:1  | Reached XP level 18. HP: 130/130 MP: 1/41
 59921 | Snake:1  | Noticed Asterion
 59927 | Snake:1  | Killed Asterion
 60687 | Snake:2  | Found a runed translucent gate.
 60687 | Snake:2  | Found a runed translucent gate.
 60689 | Snake:2  | Found a runed translucent gate.
 60690 | Snake:2  | Found an opulent altar of Gozag.
 60725 | Snake:2  | Noticed Nempouxe's ghost (adept FoFi)
 60726 | Snake:2  | Found Vicvob Teli's Assorted Antiques.
 61246 | Snake:3  | Reached skill level 20 in Spellcasting
 61398 | Snake:3  | Noticed Vashnia
 61414 | Snake:3  | Killed Vashnia
 61415 | Snake:3  | Reached skill level 10 in Fire Magic
 62790 | Snake:4  | Entered Level 4 of the Snake Pit
 62804 | Snake:4  | Found Tekorchi's Antique Weapon Emporium.
 63023 | Snake:4  | Received a gift from Sif Muna
 63024 | Snake:4  | Got Okoapt's Incunabulum of the Supportive Volcanoes {god
                  | gift}
 63835 | Snake:4  | Reached skill level 21 in Spellcasting
 64659 | Snake:4  | Reached XP level 19. HP: 137/137 MP: 10/44
 64951 | Snake:4  | Got a serpentine rune of Zot
 66219 | Lair:3   | Killed Yjeari's ghost
 66328 | Lair:5   | Identified the ring of Wystram {rN+ Will+ Dex+8 Slay-4}
 66328 | Lair:5   | Killed Ribudoz's ghost
 66822 | D:9      | Found a hazy altar of Hepliaklqana.
 66874 | D:9      | Killed Harold
 67670 | Elf:3    | Reached skill level 22 in Spellcasting
 67726 | Elf:3    | Identified the +2 robe of Okac {rElec rCorr}
 67814 | Elf:3    | Killed from afar by a deep elf high priest

Illustrated notes

Levels and vault maps discovered:
D:1:      scummos_arrival_star, layout_loops_ring,
          chequers_ecumenical_altar_simple, chequers_serial_rivers_micro_d,
          minmay_liquid_box, minmay_misc_feat_room
D:2:      layout_basic, basic_altar, uniq_robin
D:3:      layout_basic, minmay_misc_feat_pillars, uniq_terence
D:4:      layout_basic, uniq_pikel, uniq_duvessa, uniq_crazy_yiuf_cottage,
          uniq_blork_the_orc
D:5:      layout_loops_ring, serial_co_window_serial, co_window_corner_a,
          co_window_paths_a, co_window_paths_a, co_window_paths_a,
          co_window_corner_a, co_window_paths_a, co_window_of_opportunity_b,
          co_window_broadway_c, co_window_unsneaky_path_a,
          co_window_of_opportunity_b, co_window_unsneaky_path_b,
          co_window_unsneaky_path_b, co_window_paths_e, co_window_4corner_a,
          uniq_prince_ribbit1, uniq_grinder, uniq_eustachio
D:6:      layout_cave_pods
D:7:      layout_loops_ring, temple_statues, serial_shops,
          nicolae_shop_statue_plus, item_on_display_a
D:8:      layout_loops_cross, nicolae_ossuary_entry_ruins, serial_shops,
          nicolae_inconvenience_store
D:9:      minmay_the_grid_octo_tiled_octocenter [minmay_the_grid_octo_clover,
          minmay_the_grid_octo_shrine, minmay_the_grid_octo_focus,
          minmay_the_grid_octo_concentric,
          minmay_the_grid_octo_prize_single_spiral,
          minmay_the_grid_square_5x5_lines,
          minmay_the_grid_square_5x5_pentomino_r,
          minmay_the_grid_square_5x5_three_walls,
          minmay_the_grid_square_5x5_hourglass], layout_irregular_city,
          mainiacjoe_overflow_alcove_4, serial_column_ruins, column_ruins_hut,
          column_ruins_hut, column_ruins_grid_1, column_ruins_columns_straight,
          column_ruins_corridor_corner, column_ruins_open_tiny, fountainhead,
          minmay_misc_feat_ornament, chequers_serial_rivers_small_b, uniq_harold
D:10:     layout_loops_corners, dpeg_oklobed_lair, lightli_church_of_beogh,
          uniq_erolcha
D:11:     layout_grid_maze, erik_orc_1, kennysheep_slug_shrine
D:12:     layout_loops_corners, enter_bailey_4
D:13:     layout_cave_pools
D:14:     layout_long_grid, david_vaults_5, zin_angel
D:15:     grunt_enter_depths_magical_seal, layout_rooms,
          portal_ice_cave_entry_ice_statue_two, nicolae_two_hexagons,
          serial_park_tiny_pond, lightli_fourway_metalbox
Temple:   nicolae_temple_the_god_donut
Lair:1:   layout_chaotic_city, chequers_serial_rivers_small_a
Lair:2:   layout_cave_pods, minmay_snake_entry_guardpost_medium, basic_altar,
          beast_lair_carwin_6, uniq_fannar
Lair:3:   layout_cellular_growth, minmay_shoals_entry_centaurs,
          hellmonk_ghost_happy_afterlife, kennysheep_basilisk_garden,
          minmay_lair_oklob_chamber, infiniplex_staircase_pool_2
Lair:4:   layout_cave_pods, st_stairs_11, grunt_megastairs_4, uniq_sonja,
          uniq_nessos
Lair:5:   layout_hall_layers, slime_altar_2, gammafunk_ghost_berserking_beasts,
          grunt_megastairs_1, serial_bayou_shore_a, lemuel_fruit_tree
Lair:6:   grunt_lair_end_beastmaster, layout_regular_city, minmay_lindwurm_lava,
          infiniplex_staircase_pool
Shoals:1: layout_shoals, uniq_nikola, uniq_roxanne
Shoals:2: layout_shoals, nicolae_stop_n_shop_2, uniq_aizul, uniq_jorgrun
Shoals:3: nicolae_shoals_island_circles, layout_shoals, uniq_polyphemus,
          uniq_ilsuiw
Snake:1:  layout_misc_corridors, statue_in_the_mist_lemuel, uniq_asterion
Snake:2:  layout_basic, ebering_ghost_gozag
Snake:3:  layout_basic, grunt_megastairs_5, uniq_vashnia
Snake:4:  grunt_snake_rune_spirals, layout_concentric_octagons, serial_shops,
          nicolae_diamond_shop
Orc:1:    layout_diamond_mine, nicolae_volcano_entry_two_sided, uniq_maurice
Orc:2:    st_orc_open, layout_caves
Elf:1:    nicolae_elf_arrival_dilemma, layout_loops_cross, serial_aquarium,
          aquarium_bridge_square [aquarium_subvault_wall,
          aquarium_subvault_window, aquarium_subvault_bridge,
          aquarium_subvault_wall], aquarium_window_corner, aquarium_window_fake,
          aquarium_window_fake, aquarium_view_2e, aquarium_balcony_3a,
          gammafunk_ghost_fury_of_okawaru, serial_shops, nicolae_square_shop,
          evilmike_minifort
Elf:2:    elven_hall_of_blades_hangedman_original
          [nicolae_blade_entry_splitting_headache], layout_geoelf_octagon,
          serial_shops, nicolae_lakefront_shop, minivault_15
Elf:3:    grunt_elf_hall_diamonds, layout_geoelf_diagonals, basic_altar

Skill      XL: |  1  2  3  4  5  6  7  8  9 10 11 12 13 14 15 16 17 18 19 |
---------------+----------------------------------------------------------+-----
Dodging        | 2 3 4 5 |  5.9
Conjurations   | 5 6 7 8 9 10 11 | 11.6
Air Magic      | 1 2 3 4 6 8 10 12 13 14 15 | 15.1
Fighting       | 1 2 3 4 |  4.7
Translocations | 1 2 3 4 |  4.0
Stealth        | 2 3 4 5 |  5.1
Spellcasting   | 3 4 5 6 7 9 11 13 14 16 17 19 21 22 | 22.0
Maces & Flails | 1 2 3 |  3.3
Short Blades   | 1 2 3 |  3.1
Necromancy     | 1 3 4 |  4.6
Invocations    | 2 3 4 |  4.4
Evocations     | 2 |  2.1
Shields        | 2 5 6 8 9 10 11 12 | 12.6
Long Blades    | 1 |  1.5
Fire Magic     | 1 4 6 8 9 10 11 | 11.2
Ice Magic      | 1 2 |  2.2
Earth Magic    | 4 6 |  6.5
Staves         | 1 |  1.0
Hexes          | |  0.1

Action                   |  1- 3 |  4- 6 |  7- 9 | 10-12 | 13-15 | 16-18 | 19-21 || total
-------------------------+-------+-------+-------+-------+-------+-------+-------++-------
Melee: Whip              |     3 |    31 |    21 |       |       |       |       ||    55
       Tailslap          |       |     4 |     7 |     4 |     6 |     2 |     2 ||    25
       Short sword       |       |       |    34 |    25 |       |       |       ||    59
       Scimitar          |       |       |       |    20 |    19 |       |       ||    39
       Staff             |       |       |       |       |    35 |     8 |     2 ||    45
 Cast: Magic Dart        |    54 |    40 |     7 |     1 |     2 |     2 |       ||   106
       Static Discharge  |     6 |    22 |    75 |     8 |       |       |       ||   111
       Searing Ray       |       |     6 |    34 |    32 |    22 |       |       ||    94
       Ozocubu's Armour  |       |       |     1 |     1 |     2 |     1 |       ||     5
       Iskenderun's Myst |       |       |     1 |    32 |    98 |    74 |     9 ||   214
       Dispel Undead     |       |       |     1 |    17 |     5 |       |     6 ||    29
       Airstrike         |       |       |       |   295 |   498 |   730 |   112 ||  1635
       Sticky Flame      |       |       |       |    12 |     1 |     1 |       ||    14
       Conjure Ball Ligh |       |       |       |       |    38 |    52 |    13 ||   103
       Freezing Cloud    |       |       |       |       |    23 |    61 |    10 ||    94
       Fulminant Prism   |       |       |       |       |     8 |     5 |       ||    13
       Bolt of Magma     |       |       |       |       |     2 |     6 |       ||     8
       Orb of Destructio |       |       |       |       |       |     4 |     6 ||    10
Invok: Channel Magic     |       |       |       |     2 |    12 |     3 |       ||    17
 Abil: Breathe Dispellin |       |       |     1 |     1 |     1 |       |       ||     3
Evoke: Wand              |       |       |       |     5 |     7 |     4 |       ||    16
       Lightning rod     |       |       |       |       |     1 |       |       ||     1
       Phantom mirror    |       |       |       |       |     1 |       |       ||     1
  Use: Scroll            |       |     3 |     7 |     9 |    17 |     7 |     1 ||    44
       Potion            |       |     1 |       |     1 |       |     1 |       ||     3
 Stab: Sleeping          |       |       |     6 |     2 |       |       |       ||     8
       Distracted        |       |       |     1 |       |       |       |       ||     1
Armor: Skin              |     4 |    22 |    57 |   102 |   110 |    96 |    24 ||   415
Dodge: Dodged            |    18 |    78 |   128 |   148 |   126 |    81 |    17 ||   596
Block: Kite shield       |       |       |       |     1 |   173 |   231 |    43 ||   448
       Buckler           |       |       |       |       |     7 |       |       ||     7
       Rpst.: Scimitar   |       |       |       |    19 |     4 |       |       ||    23
